[Event "European School-ch 2019"]
[Site "Mamaia"]
[Date "2019.06.06"]
[Round "7.27"]
[White "Akkas, Doruk"]
[Black "Saioc, David"]
[Result "1-0"]
[ECO "A13"]
[WhiteElo "1565"]
[BlackElo "1744"]
[Annotator "NA RC"]
[PlyCount "71"]
[EventDate "2019.05.31"]
[EventType "swiss"]
[EventCountry "ROU"]
[SourceTitle "playchess.com"]
[Source "ChessBase"]
[SourceQuality "1"]
[TimeControl "40/5400+30:1800+30"]

1. c4 e6 2. g3 Nf6 3. Bg2 g6 4. Nc3 c5 5. Nf3 Nc6 6. O-O h5 7. d4 cxd4 8. Nxd4 Bg7 9. Bg5 Qb6 10. Nxc6 dxc6 11. Qd6 Ng8 12. c5 Bf8 13. Qd4 Bxc5 14. Qxh8 Bd7 15. Na4 Qb5 16. Nxc5 Qxc5 17. Qxg8+ Qf8 18. Qxf8+ Kxf8 19. Rad1 Ke8 20. Rd6 f6 21. Bxf6 Kf7 22. Rxd7+ Kxf6 23. Rxb7 Rd8 24. f4 Rd2 25. Kf2 e5 26. Ke3 Rd8 27. fxe5+ Kxe5 28. Rff7 Re8 29. Rfe7+ Rxe7 30. Rxe7+ Kd6 31. Rg7 c5 32. Rxg6+ Kd7 33. Ke4 a6 34. Kd5 Kc7 35. Kxc5 Kd7 36. Kd5 1-0

[Event "European School-ch 2019"]
[Site "Mamaia"]
[Date "2019.06.06"]
[Round "7.28"]
[White "Zheng, Harry Z"]
[Black "Karimli, Yusif"]
[Result "0-1"]
[ECO "C10"]
[WhiteElo "1653"]
[BlackElo "1470"]
[Annotator "NA RC"]
[PlyCount "108"]
[EventDate "2019.05.31"]
[EventType "swiss"]
[EventCountry "ROU"]
[SourceTitle "playchess.com"]
[Source "ChessBase"]
[SourceQuality "1"]
[TimeControl "40/5400+30:1800+30"]

1. e4 e6 2. d4 d5 3. Nd2 dxe4 4. Nxe4 Bd7 5. Nf3 Bc6 6. Bd3 Nd7 7. O-O Ngf6 8. Ng3 Be7 9. c4 Bxf3 10. Qxf3 c6 11. b3 O-O 12. Bb2 Qb6 13. Rad1 Rad8 14. Rfe1 Rfe8 15. a3 a5 16. Bc2 h6 17. h3 Nf8 18. Nf1 Rd7 19. Ne3 Red8 20. d5 cxd5 21. Bxf6 Bxf6 22. cxd5 Qc5 23. dxe6 Nxe6 24. Rxd7 Rxd7 25. Qe4 g6 26. Rd1 Rxd1+ 27. Bxd1 Bd4 28. Kh1 Qc1 29. Qd3 Bxe3 30. fxe3 Nc5 31. Qd8+ Kh7 32. Qd5 Ne6 33. Qd7 Kg7 34. Qd5 Qxe3 35. Qxa5 Nd4 36. Qb4 Nc6 37. Qxb7 Qe1+ 38. Kh2 Qe5+ 39. g3 Qb2+ 40. Kh1 Qc3 41. Qc7 Qe1+ 42. Kh2 Qd2+ 43. Kh1 Qxd1+ 44. Kh2 Nd4 45. Qe5+ Kh7 46. Qe7 Qf1 47. g4 Qf2+ 48. Kh1 Ne2 49. Qxe2 Qxe2 50. b4 f5 51. gxf5 gxf5 52. a4 f4 53. b5 f3 54. b6 Qg2# 0-1

[Event "European School-ch 2019"]
[Site "Mamaia"]
[Date "2019.06.06"]
[Round "7.29"]
[White "Qalabegashvili, Data"]
[Black "Ochedzan, Filip"]
[Result "1-0"]
[ECO "B23"]
[WhiteElo "1309"]
[BlackElo "1298"]
[Annotator "NA RC"]
[PlyCount "47"]
[EventDate "2019.05.31"]
[EventType "swiss"]
[EventCountry "ROU"]
[SourceTitle "playchess.com"]
[Source "ChessBase"]
[SourceQuality "1"]
[TimeControl "40/5400+30:1800+30"]

1. e4 c5 2. Nc3 Nc6 3. f4 g6 4. Nf3 Bg7 5. Bc4 e6 6. O-O Nge7 7. d3 O-O 8. Qe1 d5 9. Bb3 a6 10. a4 Nb4 11. Qh4 Re8 12. Ng5 h6 13. Nf3 Qb6 14. a5 Qc7 15. f5 exf5 16. exd5 Qd7 17. Ba4 Qd8 18. Bxe8 Qxe8 19. Re1 f6 20. d6 Nxc2 21. Rxe7 Qf8 22. Ra4 Rb8 23. Nd5 Qd8 24. Bxh6 1-0

[Event "European School-ch 2019"]
[Site "Mamaia"]
[Date "2019.06.06"]
[Round "7.30"]
[White "Durucay, Uygar"]
[Black "Kliashtornyi, Arkadii"]
[Result "1-0"]
[ECO "A45"]
[WhiteElo "1575"]
[BlackElo "1317"]
[Annotator "NA RC"]
[PlyCount "163"]
[EventDate "2019.05.31"]
[EventType "swiss"]
[EventCountry "ROU"]
[SourceTitle "playchess.com"]
[Source "ChessBase"]
[SourceQuality "1"]
[TimeControl "40/5400+30:1800+30"]

1. d4 Nf6 2. Bf4 d5 3. e3 c5 4. c3 Nc6 5. Nd2 Qb6 6. Qc2 g6 7. Bd3 c4 8. Be2 Bf5 9. Qc1 Rc8 10. Ngf3 Nh5 11. Be5 Nxe5 12. Nxe5 Nf6 13. O-O Nd7 14. Nxd7 Bxd7 15. e4 Bc6 16. Bf3 Qd8 17. Re1 e6 18. exd5 Bxd5 19. Bxd5 Qxd5 20. Re5 Qd8 21. Qc2 Qd7 22. d5 Qb5 23. a4 Qa5 24. Re4 Qxd5 25. Rd4 Qf5 26. Qxf5 gxf5 27. Rxc4 Rxc4 28. Nxc4 Bc5 29. b4 Be7 30. Rd1 f6 31. Na5 b6 32. Nc6 a6 33. Kf1 Rg8 34. Nd4 Kf7 35. Re1 e5 36. Nxf5 Rc8 37. Re3 Ke6 38. g4 Bf8 39. Ke2 h5 40. h3 hxg4 41. hxg4 a5 42. bxa5 bxa5 43. Kd3 Kd5 44. Rh3 e4+ 45. Kc2 Bc5 46. Rh7 Ke5 47. Ne7 Rc7 48. Ng6+ Kd6 49. Rxc7 Kxc7 50. Nf4 Bxf2 51. Nd5+ Kd6 52. Nxf6 Ke5 53. Nh5 Bh4 54. Kd2 Bg5+ 55. Ke2 Kd5 56. Ng3 Ke5 57. Nf5 Kf4 58. Nd6 Bf6 59. c4 Bd4 60. g5 Kxg5 61. Nxe4+ Kf4 62. Kd3 Bb6 63. c5 Bc7 64. Kd4 Kf3 65. Nc3 Bd8 66. c6 Bf6+ 67. Kc4 Be5 68. Nd5 Ke2 69. c7 Bxc7 70. Nxc7 Kd2 71. Kb5 Kc3 72. Kxa5 Kc4 73. Kb6 Kb4 74. a5 Kc4 75. a6 Kb4 76. a7 Kc4 77. a8=Q Kb4 78. Qe4+ Kc3 79. Nd5+ Kb3 80. Qd3+ Ka4 81. Kc5 Ka5 82. Qa3# 1-0

[Event "European School-ch 2019"]
[Site "Mamaia"]
[Date "2019.06.06"]
[Round "7.31"]
[White "Tutunculer, Cagan"]
[Black "Paunescu, Stefan-Vlad"]
[Result "0-1"]
[ECO "A21"]
[WhiteElo "1193"]
[BlackElo "1358"]
[Annotator "NA RC"]
[PlyCount "56"]
[EventDate "2019.05.31"]
[EventType "swiss"]
[EventCountry "ROU"]
[SourceTitle "playchess.com"]
[Source "ChessBase"]
[SourceQuality "1"]
[TimeControl "40/5400+30:1800+30"]

1. c4 e5 2. Nc3 Bb4 3. g3 Bxc3 4. bxc3 d6 5. Bg2 f5 6. e3 Nf6 7. Ne2 Nc6 8. O-O O-O 9. d3 Qe8 10. Bb2 Qh5 11. h3 f4 12. exf4 Bxh3 13. f3 Bxg2 14. Kxg2 Qg6 15. Qd2 Nh5 16. fxe5 Nxe5 17. Rad1 Rae8 18. Rf2 Qf6 19. f4 Ng4 20. Rf3 Qe6 21. Nd4 Ne3+ 22. Kh2 Qh6 23. Rb1 Nxf4+ 24. Kg1 Nh3+ 25. Kh1 Nf2+ 26. Kg1 Qh1+ 27. Kxf2 Qg2+ 28. Ke1 Nxc4+ 0-1

[Event "European School-ch 2019"]
[Site "Mamaia"]
[Date "2019.06.06"]
[Round "7.32"]
[White "Danila, Tudor-Gabriel"]
[Black "Dias, Ruwan"]
[Result "1-0"]
[ECO "C05"]
[WhiteElo "1336"]
[BlackElo "1359"]
[Annotator "NA RC"]
[PlyCount "83"]
[EventDate "2019.05.31"]
[EventType "swiss"]
[EventCountry "ROU"]
[SourceTitle "playchess.com"]
[Source "ChessBase"]
[SourceQuality "1"]
[TimeControl "40/5400+30:1800+30"]

1. e4 e6 2. d4 d5 3. Nd2 Nf6 4. e5 Nfd7 5. Bd3 c5 6. c3 Nc6 7. Ne2 Be7 8. Nf3 O-O 9. O-O cxd4 10. cxd4 f6 11. Nf4 Nb6 12. Re1 f5 13. h3 Qc7 14. Bd2 Bd7 15. Rc1 Rae8 16. b4 Qd8 17. Qb3 a6 18. b5 axb5 19. Bxb5 Kh8 20. Bxc6 bxc6 21. Ba5 Qb8 22. Bxb6 Bd8 23. Bxd8 Qxb3 24. axb3 Rxd8 25. Nd2 Rb8 26. Nd3 Rfe8 27. Nc5 Bc8 28. Ra1 Re7 29. Ra4 h6 30. Rea1 g5 31. Ra8 Rxa8 32. Rxa8 Re8 33. Nxe6 Bd7 34. Rxe8+ Bxe8 35. Kf1 Bd7 36. Nc5 Be8 37. b4 g4 38. h4 h5 39. Ndb3 Kg8 40. Na5 Kf7 41. Na6 c5 42. Nxc5 1-0

[Event "European School-ch 2019"]
[Site "Mamaia"]
[Date "2019.06.06"]
[Round "7.33"]
[White "Anghelescu, Teodor-Stefan"]
[Black "Celik, Ali Alper"]
[Result "0-1"]
[ECO "A45"]
[WhiteElo "1266"]
[BlackElo "1169"]
[Annotator "NA RC"]
[PlyCount "56"]
[EventDate "2019.05.31"]
[EventType "swiss"]
[EventCountry "ROU"]
[SourceTitle "playchess.com"]
[Source "ChessBase"]
[SourceQuality "1"]
[TimeControl "40/5400+30:1800+30"]

1. d4 Nf6 2. Bf4 g6 3. Nc3 d5 4. e3 Bg7 5. h4 c5 6. Nb5 Na6 7. Nf3 Qa5+ 8. c3 Bd7 9. a4 cxd4 10. exd4 Nh5 11. Be5 f6 12. Bh2 O-O 13. Be2 Rae8 14. O-O Bh6 15. Nd2 Nf4 16. Bg4 Bxg4 17. Qxg4 e5 18. Bxf4 Bxf4 19. Nb3 Qd8 20. g3 f5 21. Qf3 Bh6 22. dxe5 f4 23. Qd3 f3 24. N3d4 Nc5 25. Qc2 Qd7 26. e6 Rxe6 27. Nxe6 Qxe6 28. Kh2 Rf4 0-1

[Event "European School-ch 2019"]
[Site "Mamaia"]
[Date "2019.06.06"]
[Round "7.34"]
[White "Korovko, Iakov"]
[Black "Kumar, Sanjit S"]
[Result "1/2-1/2"]
[ECO "C45"]
[WhiteElo "1232"]
[BlackElo "1392"]
[Annotator "NA RC"]
[PlyCount "98"]
[EventDate "2019.05.31"]
[EventType "swiss"]
[EventCountry "ROU"]
[SourceTitle "playchess.com"]
[Source "ChessBase"]
[SourceQuality "1"]
[TimeControl "40/5400+30:1800+30"]

1. e4 e5 2. Nf3 Nc6 3. d4 exd4 4. Nxd4 Nf6 5. Nxc6 bxc6 6. e5 Qe7 7. Qe2 Nd5 8. c4 Ba6 9. b3 g6 10. Bb2 Bg7 11. Nd2 O-O 12. O-O-O Rfe8 13. Re1 Nb6 14. g3 Bb7 15. f4 a5 16. a4 d5 17. Qf2 f6 18. Bd3 fxe5 19. fxe5 Nd7 20. Nf3 Nc5 21. Qc2 Nxd3+ 22. Qxd3 Ba6 23. Qc2 Rab8 24. h4 Qb4 25. Nd4 Bxe5 26. Nxc6 Bf4+ 27. Kd1 Qd6 28. Qc3 dxc4+ 29. Kc2 cxb3+ 30. Kb1 Qd3+ 31. Ka1 Qxc3 32. Bxc3 Bxg3 33. Nxb8 Bxe1 34. Rxe1 Rxb8 35. Re7 c5 36. Rg7+ Kf8 37. Rxh7 Rb7 38. Rh8+ Kf7 39. h5 c4 40. Rh7+ Kg8 41. Rh8+ Kf7 42. Rh7+ Kg8 43. Rh8+ Kf7 44. h6 b2+ 45. Bxb2 c3 46. Bxc3 g5 47. h7 Kg6 48. Ra8 Kxh7 49. Rxa6 Rb3 1/2-1/2

[Event "European School-ch 2019"]
[Site "Mamaia"]
[Date "2019.06.06"]
[Round "7.35"]
[White "Yasmo, Daniil"]
[Black "Utlu, Mustafa Ali"]
[Result "1/2-1/2"]
[ECO "A48"]
[WhiteElo "1424"]
[BlackElo "1148"]
[Annotator "NA RC"]
[PlyCount "71"]
[EventDate "2019.05.31"]
[EventType "swiss"]
[EventCountry "ROU"]
[SourceTitle "playchess.com"]
[Source "ChessBase"]
[SourceQuality "1"]
[TimeControl "40/5400+30:1800+30"]

1. d4 Nf6 2. Nf3 g6 3. Nbd2 d5 4. g3 Bg7 5. Bg2 c5 6. dxc5 Nc6 7. O-O O-O 8. Nb3 e5 9. c3 Re8 10. Bg5 Be6 11. Qc1 Qd7 12. Bxf6 Bxf6 13. Ng5 Rad8 14. Nxe6 Qxe6 15. Rd1 Bg7 16. Qc2 f5 17. Rac1 e4 18. Nd4 Bxd4 19. cxd4 g5 20. e3 f4 21. exf4 gxf4 22. gxf4 Nb4 23. Qd2 Nd3 24. Rb1 Qf6 25. Qe3 Nxf4 26. Kh1 Kh8 27. Rg1 Nd3 28. Rbf1 Rf8 29. f3 Qh4 30. fxe4 dxe4 31. Bxe4 Nf2+ 32. Rxf2 Rxf2 33. Bg2 Rf5 34. d5 Rh5 35. Qc3+ Kg8 36. Bh3+ 1/2-1/2

[Event "European School-ch 2019"]
[Site "Mamaia"]
[Date "2019.06.06"]
[Round "7.38"]
[White "Simsek, Suat Can"]
[Black "Babayev, Yusif"]
[Result "0-1"]
[ECO "C28"]
[WhiteElo "1761"]
[BlackElo "1230"]
[Annotator "NA RC"]
[PlyCount "74"]
[EventDate "2019.05.31"]
[EventType "swiss"]
[EventCountry "ROU"]
[SourceTitle "playchess.com"]
[Source "ChessBase"]
[SourceQuality "1"]
[TimeControl "40/5400+30:1800+30"]

1. e4 e5 2. Nc3 Nc6 3. Bc4 Nf6 4. d3 h6 5. Be3 d6 6. h3 Be6 7. Nd5 Bxd5 8. exd5 Ne7 9. Bb5+ c6 10. dxc6 bxc6 11. Ba4 Qa5+ 12. Bd2 Qxa4 13. b3 Qa6 14. Ne2 Ng6 15. O-O Be7 16. f4 exf4 17. Nxf4 Nxf4 18. Bxf4 O-O 19. Qd2 Kh7 20. Rae1 Rae8 21. Rxe7 Rxe7 22. Bxd6 Qb6+ 23. Kh1 Nh5 24. Kh2 Rd7 25. Bxf8 Qb8+ 26. Kg1 Qxf8 27. Qf2 Qe7 28. Qf5+ g6 29. Qf3 Qc5+ 30. Kh2 Qxc2 31. Rf2 Qc5 32. g4 Qe5+ 33. Kg2 Ng7 34. Qxc6 Rxd3 35. Qf6 Qg3+ 36. Kf1 Rd1+ 37. Ke2 Qd3# 0-1

[Event "European School-ch 2019"]
[Site "Mamaia"]
[Date "2019.06.06"]
[Round "7.41"]
[White "Mgeladze, Kesaria"]
[Black "State-Ungureanu, Elena-Anastasia"]
[Result "0-1"]
[ECO "C26"]
[WhiteElo "1322"]
[BlackElo "1057"]
[Annotator "NA RC"]
[PlyCount "118"]
[EventDate "2019.05.31"]
[EventType "swiss"]
[EventCountry "ROU"]
[SourceTitle "playchess.com"]
[Source "ChessBase"]
[SourceQuality "1"]
[TimeControl "40/5400+30:1800+30"]

1. e4 e5 2. Nc3 Nf6 3. g3 d5 4. exd5 Nxd5 5. Bg2 Nxc3 6. bxc3 Bd6 7. Ne2 O-O 8. O-O c6 9. Rb1 Nd7 10. d4 Qa5 11. a3 Nb6 12. Qe1 Bf5 13. Qd1 Qa4 14. Rb3 Rab8 15. h3 Nc4 16. g4 Bg6 17. dxe5 Bxe5 18. Rb4 Qa6 19. f4 Rfd8 20. Qe1 Bd6 21. Rb1 Bxc2 22. Ra1 Qb6+ 23. Kh1 Ne3 24. Bxe3 Qxe3 25. Rf3 Qe7 26. a4 Re8 27. Rf2 Bc5 28. Bf3 Bxf2 29. Qxf2 Be4 30. Ng3 Bxf3+ 31. Qxf3 Qe3 32. Qg2 Qxc3 33. Rf1 Qc4 34. Ra1 Rbd8 35. Qb2 Qd4 36. Qc1 Qe3 37. Nf5 Qxh3+ 38. Kg1 Qxg4+ 39. Kh1 Qxf5 40. Qb2 Qe4+ 41. Kg1 Qd4+ 42. Qxd4 Rxd4 43. Rb1 b6 44. Ra1 Rxf4 45. Kg2 Ree4 46. Rd1 h6 47. Rd8+ Kh7 48. Rd1 Rxa4 49. Kg1 Ra2 50. Kh1 h5 51. Re1 g5 52. Rd1 g4 53. Rg1 Rff2 54. Rd1 g3 55. Re1 Rh2+ 56. Kg1 h4 57. Rd1 h3 58. Rc1 Rag2+ 59. Kf1 Rh1# 0-1

[Event "European School-ch 2019"]
[Site "Mamaia"]
[Date "2019.06.06"]
[Round "7.43"]
[White "Zarkua, Anastasia"]
[Black "Korolchuk, Vladyslava"]
[Result "1-0"]
[ECO "D46"]
[WhiteElo "1108"]
[BlackElo "1032"]
[Annotator "NA RC"]
[PlyCount "97"]
[EventDate "2019.05.31"]
[EventType "swiss"]
[EventCountry "ROU"]
[SourceTitle "playchess.com"]
[Source "ChessBase"]
[SourceQuality "1"]
[TimeControl "40/5400+30:1800+30"]

1. Nf3 d5 2. c4 c6 3. e3 Nf6 4. d4 e6 5. Nc3 Bd6 6. Bd3 Nbd7 7. O-O O-O 8. e4 dxe4 9. Nxe4 Bc7 10. Bg5 h6 11. Bh4 e5 12. Nxf6+ Nxf6 13. dxe5 g5 14. Bg3 Nd7 15. Qe2 g4 16. Nh4 Bxe5 17. Qxg4+ Qg5 18. Qf5 Qg7 19. Rae1 Bxb2 20. Qf4 Nc5 21. Bb1 Be6 22. Re2 Bf6 23. Nf5 Bxf5 24. Bxf5 Bg5 25. Qg4 Rfe8 26. Rfe1 Rxe2 27. Qxe2 a6 28. Bd6 Na4 29. Qe8+ Rxe8 30. Rxe8+ Qf8 31. Rxf8+ Kg7 32. Rb8 b5 33. cxb5 axb5 34. Bd7 c5 35. Bxb5 Nc3 36. a4 Ne4 37. Be5+ Bf6 38. Bxf6+ Kxf6 39. a5 Nd2 40. a6 c4 41. a7 c3 42. a8=Q c2 43. Qc6+ Kg7 44. Qxc2 Nf3+ 45. gxf3 h5 46. Qf5 h4 47. Qg5+ Kh7 48. Bd3+ f5 49. Bxf5# 1-0

[Event "European School-ch 2019"]
[Site "Mamaia"]
[Date "2019.06.06"]
[Round "7.44"]
[White "Voronaya, Eva"]
[Black "Sida, Flavia-Maria"]
[Result "0-1"]
[ECO "D30"]
[WhiteElo "1005"]
[BlackElo "1219"]
[Annotator "NA RC"]
[PlyCount "138"]
[EventDate "2019.05.31"]
[EventType "swiss"]
[EventCountry "ROU"]
[SourceTitle "playchess.com"]
[Source "ChessBase"]
[SourceQuality "1"]
[TimeControl "40/5400+30:1800+30"]

1. d4 d5 2. c4 e6 3. Nf3 Nf6 4. g3 b6 5. Bg2 Bb7 6. O-O Be7 7. Qc2 O-O 8. Bf4 c5 9. cxd5 Nxd5 10. Qd2 Nxf4 11. Qxf4 cxd4 12. Qxd4 Qxd4 13. Nxd4 Bxg2 14. Kxg2 Bf6 15. e3 Rd8 16. Nc3 Bxd4 17. exd4 Rxd4 18. Rac1 Na6 19. a3 Rd7 20. Rfd1 Rxd1 21. Rxd1 Nc7 22. Rd7 Ne8 23. Nb5 a6 24. Nc7 Nxc7 25. Rxc7 g6 26. Rb7 b5 27. Rb6 Ra7 28. Rb8+ Kg7 29. Rb6 Kf6 30. Kf3 h5 31. Kf4 Ke7 32. Ke5 Kd7 33. Rd6+ Ke7 34. Rb6 Kd7 35. Rd6+ Ke7 36. Rb6 f6+ 37. Kd4 Rd7+ 38. Kc3 Rc7+ 39. Kb3 Ra7 40. Kb4 Kd7 41. Ka5 f5 42. Kb4 Ra8 43. Ka5 Ra7 44. Kb4 g5 45. Ka5 g4 46. Kb4 Ke7 47. Ka5 Kd7 48. Rxa6 Rxa6+ 49. Kxa6 Kc6 50. Ka5 Kc5 51. Ka6 e5 52. b4+ Kc6 53. Ka5 f4 54. gxf4 exf4 55. Ka6 h4 56. a4 bxa4 57. b5+ Kc5 58. b6 a3 59. b7 a2 60. b8=Q a1=Q+ 61. Kb7 Qb2+ 62. Kc7 Qxb8+ 63. Kxb8 g3 64. hxg3 hxg3 65. fxg3 fxg3 66. Ka8 g2 67. Kb8 g1=Q 68. Ka8 Kb6 69. Kb8 Qg8# 0-1

[Event "European School-ch 2019"]
[Site "Mamaia"]
[Date "2019.06.06"]
[Round "7.45"]
[White "Zhapova, Yana"]
[Black "Tsetskhladze, Mariam"]
[Result "1-0"]
[ECO "B10"]
[WhiteElo "1804"]
[BlackElo "1174"]
[Annotator "NA RC"]
[PlyCount "81"]
[EventDate "2019.05.31"]
[EventType "swiss"]
[EventCountry "ROU"]
[SourceTitle "playchess.com"]
[Source "ChessBase"]
[SourceQuality "1"]
[TimeControl "40/5400+30:1800+30"]

1. e4 c6 2. Nc3 d5 3. Nf3 a6 (3... Bg4 4. h3 Bxf3 5. Qxf3 e6 6. g3 Nf6 7. a3 Bc5 8. d3 O-O 9. Bg2 Nbd7 10. O-O b5 11. Qd1 Qb6 12. Qe2 a5 13. Kh1 d4 14. Nb1 e5 {0-1 (47) Vallejo Pons,F (2693)-Anand,V (2774) Karlsruhe/Baden Baden 2019}) 4. d4 Bg4 5. h3 Bxf3 6. Qxf3 {[%emt 0:00:09] B11: Caro-Kann: Two Knights Variation} e6 7. Bd3 Nd7 $146 ({Predecessor:} 7... Nf6 8. O-O Be7 9. e5 Nfd7 10. Ne2 c5 11. c3 Nc6 {½-½ (129) Muzychuk,A (2560)-Zhao,X (2552) Khanty-Mansiysk 2014}) 8. O-O dxe4 9. Nxe4 Ngf6 10. c3 Nxe4 11. Bxe4 Nf6 12. Bc2 Bd6 13. Bg5 O-O 14. Rfe1 Be7 15. Qd3 g6 16. Rad1 Nd5 17. Bh6 Re8 18. Qg3 Bf6 19. c4 $11 Nb6 20. b3 Rc8 21. Be3 Na8 22. Qf3 Bg7 23. Be4 f5 24. Bb1 Qa5 25. Bd2 Qd8 26. Be3 Qa5 27. h4 e5 28. dxe5 Rxe5 29. Bd2 Qc7 30. Bf4 Rxe1+ 31. Rxe1 Qd8 32. Qe2 Nc7 33. h5 Bc3 34. Rd1 Qf8 35. Qd3 Bf6 36. hxg6 hxg6 37. Qg3 Qg7 38. Re1 b5 39. Bxc7 Rxc7 40. Re8+ Kh7 41. Qh2+ 1-0

[Event "European School-ch 2019"]
[Site "Mamaia"]
[Date "2019.06.06"]
[Round "7.46"]
[White "Mikhailina, Olga"]
[Black "Babic, Masa"]
[Result "0-1"]
[ECO "A55"]
[WhiteElo "1338"]
[BlackElo "1715"]
[Annotator "NA RC"]
[PlyCount "106"]
[EventDate "2019.05.31"]
[EventType "swiss"]
[EventCountry "ROU"]
[SourceTitle "playchess.com"]
[Source "ChessBase"]
[SourceQuality "1"]
[TimeControl "40/5400+30:1800+30"]

1. d4 Nf6 2. c4 d6 3. Nc3 Nbd7 4. Nf3 e5 5. e4 c6 6. Be2 Be7 7. O-O O-O 8. h3 a6 9. a4 a5 10. Be3 exd4 11. Nxd4 Nc5 12. Qc2 Qc7 13. f4 h6 14. Rad1 Rd8 15. Kh2 Bd7 16. Rg1 Ne6 17. Qd2 Nxd4 18. Bxd4 Be6 19. g4 Nh7 20. f5 Bxc4 21. Bxc4 d5+ 22. Kh1 dxc4 23. Qe2 Ng5 24. Qg2 Rxd4 25. Rxd4 Bc5 26. Rxc4 Bxg1 27. Qxg1 Nxh3 28. Qg2 Ng5 29. Rd4 Rd8 30. Qd2 Rxd4 31. Qxd4 Qf4 32. Qg1 Nxe4 33. Nxe4 Qxe4+ 34. Kh2 Qxa4 35. Qg2 Qf4+ 36. Kh3 h5 37. gxh5 Qxf5+ 38. Kh4 f6 39. Qe2 Qf4+ 40. Kh3 Qe5 41. Qc4+ Kh8 42. Qf7 b5 43. Kg4 f5+ 44. Kh3 f4 45. h6 Qe3+ 46. Kg4 Qg3+ 47. Kf5 Qh3+ 48. Ke5 Qxh6 49. Qf8+ Kh7 50. Qf5+ g6 51. Qc8 Qg5+ 52. Kd6 Qf6+ 53. Kc5 Qf5+ 0-1

[Event "European School-ch 2019"]
[Site "Mamaia"]
[Date "2019.06.06"]
[Round "7.47"]
[White "Andries, Alexia"]
[Black "Babic, Milana"]
[Result "0-1"]
[ECO "A55"]
[WhiteElo "1287"]
[BlackElo "1677"]
[Annotator "NA RC"]
[PlyCount "114"]
[EventDate "2019.05.31"]
[EventType "swiss"]
[EventCountry "ROU"]
[SourceTitle "playchess.com"]
[Source "ChessBase"]
[SourceQuality "1"]
[TimeControl "40/5400+30:1800+30"]

1. d4 Nf6 2. c4 d6 3. Nc3 Nbd7 4. Nf3 e5 5. e4 c6 6. Bd3 Be7 7. O-O O-O 8. b3 exd4 9. Nxd4 Re8 10. Bb2 Bf8 11. Re1 Nc5 12. Bc2 a5 13. Qd2 Qb6 14. a4 Be6 15. Rad1 Rad8 16. Qc1 Bg4 17. f3 Bd7 18. Kh1 Ne6 19. Nxe6 Bxe6 20. Ne2 Be7 21. Nd4 Nd7 22. Bc3 Qc7 23. Qb2 Bf8 24. Bb1 Nc5 25. Qc2 Bd7 26. e5 g6 27. exd6 Bxd6 28. h3 Bg3 29. Rxe8+ Rxe8 30. Ne2 Be5 31. Nd4 Bxd4 32. Bxd4 Ne6 33. Bf6 Ng7 34. Qd2 Be6 35. Qh6 Nh5 36. Qg5 Nxf6 37. Qxf6 b5 38. Re1 bxa4 39. bxa4 Qe7 40. Qc3 Qb4 41. Qc2 Qxe1+ 42. Kh2 Qe5+ 43. Kh1 Bf5 44. Qa2 Bxb1 45. Qxb1 Qe1+ 46. Qxe1 Rxe1+ 47. Kh2 Ra1 48. Kg3 Rxa4 49. f4 Rxc4 50. Kg4 a4 51. Kg5 a3 52. g4 a2 53. f5 a1=Q 54. fxg6 hxg6 55. h4 Qe5+ 56. Kh6 Qf4+ 57. g5 Qxh4# 0-1

[Event "European School-ch 2019"]
[Site "Mamaia"]
[Date "2019.06.06"]
[Round "7.48"]
[White "Rasheva, Nora"]
[Black "Novikova, Daria"]
[Result "1/2-1/2"]
[ECO "D19"]
[WhiteElo "1473"]
[BlackElo "1441"]
[Annotator "NA RC"]
[PlyCount "126"]
[EventDate "2019.05.31"]
[EventType "swiss"]
[EventCountry "ROU"]
[SourceTitle "playchess.com"]
[Source "ChessBase"]
[SourceQuality "1"]
[TimeControl "40/5400+30:1800+30"]

1. d4 d5 2. Nf3 Nf6 3. c4 c6 4. Nc3 dxc4 5. a4 Bf5 6. e3 e6 7. Bxc4 Bb4 8. O-O O-O 9. Qe2 Nbd7 10. e4 Bg6 11. Bd3 c5 12. e5 Nd5 13. Bxg6 hxg6 14. Nxd5 exd5 15. e6 Qe7 16. exf7+ Qxf7 17. Ng5 Qf6 18. Qe6+ Qxe6 19. Nxe6 Rfc8 20. Bf4 Ba5 21. Rac1 c4 22. Rc2 Rc6 23. Ng5 Nb6 24. Ra1 Re8 25. Nf3 Nd7 26. h3 Re4 27. Be3 Re8 28. Kf1 Rec8 29. Ke2 c3 30. b3 Rb6 31. Rb1 Rb4 32. Kd3 b5 33. axb5 Rxb5 34. Bd2 Rcb8 35. Bxc3 Rxb3 36. Rxb3 Rxb3 37. Nd2 Rxc3+ 38. Rxc3 Bxc3 39. Kxc3 Kf7 40. Kb4 Nb8 41. Kc5 Ke6 42. Nb1 Nd7+ 43. Kc6 a5 44. Nc3 Nf6 45. f3 a4 46. Nxa4 Nh5 47. Nc3 Nf4 48. g3 Nxh3 49. Nxd5 Ng5 50. Nc7+ Kf5 51. Ne8 Nxf3 52. d5 Kg4 53. Nxg7 Kxg3 54. d6 Ne5+ 55. Kd5 Kf4 56. Ne6+ Kf5 57. Nd4+ Kf6 58. Ne6 Nd7 59. Nc5 Ne5 60. Ne4+ Kf5 61. Ng3+ Kf6 62. Ne4+ Kf5 63. Ng3+ Kf6 1/2-1/2

[Event "European School-ch 2019"]
[Site "Mamaia"]
[Date "2019.06.06"]
[Round "7.49"]
[White "Shuqja, Klean"]
[Black "Karaivanova, Petya"]
[Result "0-1"]
[ECO "C77"]
[WhiteElo "1858"]
[BlackElo "1688"]
[Annotator "NA RC"]
[PlyCount "220"]
[EventDate "2019.05.31"]
[EventType "swiss"]
[EventCountry "ROU"]
[SourceTitle "playchess.com"]
[Source "ChessBase"]
[SourceQuality "1"]
[TimeControl "40/5400+30:1800+30"]

1. e4 e5 2. Nf3 Nc6 3. Bb5 a6 4. Ba4 Nf6 5. d3 d6 6. O-O b5 {[%emt 0:00:45] C79: Ruy Lopez: Steinitz-type lines with 3...a6 4 Ba4 Nf6 5 0-0 d6} 7. Bb3 Na5 8. c3 (8. Re1 Nxb3 9. axb3 c5 10. Bg5 Be7 11. Nc3 Bb7 12. Bxf6 Bxf6 13. Nd5 Bxd5 14. exd5 {½-½ (65) Vachier Lagrave,M (2789)-Carlsen,M (2855) Paris 2016}) 8... Nxb3 9. Qxb3 Be7 10. h3 O-O 11. Re1 Be6 12. Qc2 c5 13. Nbd2 Rc8 14. Nf1 h6 15. Ng3 Nh7 $146 ({Predecessor:} 15... Nd7 16. Nf5 Bxf5 17. exf5 Bf6 {1-0 (37) Lantos,A (1978)-Szabo,A (2117) Hungary 2003}) 16. Qe2 Bf6 17. Bd2 Re8 18. Nh5 Nf8 19. Nh2 Ng6 $11 20. Nxf6+ Qxf6 21. Qf3 Qe7 22. Ng4 Rf8 23. Ne3 Qg5 24. Nf1 Qd8 25. Ne3 Ne7 26. g4 d5 27. Nf5 dxe4 28. Nxe7+ Qxe7 29. dxe4 Rfd8 30. Be3 Bc4 31. b3 Bd3 32. Rad1 c4 33. b4 Qb7 34. Bc5 Rd7 35. Qe3 Rc6 36. f3 Rf6 37. Kh2 Qc8 38. Kg3 Rf4 39. Rd2 Qd8 40. Bb6 Qf6 41. Red1 Qg6 42. Bc5 Rc7 43. Qe1 Rc6 44. Be3 Rff6 45. Rf2 Rc8 46. Rfd2 Ra8 47. a3 Rc8 48. Rb2 Rfc6 49. Rdd2 f6 50. Qf2 h5 51. Qe1 Kf7 52. Rh2 Rh8 53. Qh1 Rcc8 54. Qg1 Rcd8 55. Rbd2 Rd7 56. Qh1 Rdd8 57. Qg1 Qh7 58. Qh1 g6 59. Qg1 Qg7 60. Bb6 Rd7 61. Qd1 Qh6 62. Qe1 Qf4+ 63. Kg2 hxg4 64. Qe3 gxf3+ 65. Kg1 Qxe3+ 66. Bxe3 Ke6 67. Kf2 Bxe4 68. Rxd7 Kxd7 69. Kg3 Ke6 70. Rd2 Bd5 71. h4 Rh5 72. Ra2 Bc6 73. Rd2 Rh7 74. Rd8 Rd7 75. Rc8 Bb7 76. Rb8 Kf5 77. Rf8 Ke6 78. Bc5 Rf7 79. Rg8 Kf5 80. Rd8 e4 81. Rd6 Ke5 82. Rb6 Rd7 83. Bd4+ Kd5 84. Rxf6 Rd6 85. Rf7 Bc8 86. Rc7 Rc6 87. Re7 Re6 88. Rc7 Rc6 89. Re7 Bf5 90. Re5+ Kd6 91. h5 Kd7 92. Kf4 Rd6 93. h6 Rxd4 94. h7 f2 95. h8=Q f1=Q+ 96. Kg5 Qc1+ 97. Kf6 Rd6+ 98. Kg7 Qxc3 99. Qe8+ Kc7 100. Kg8 Bd7 101. Rc5+ Kb7 102. Qxe4+ Kb6 103. Re5 Qh3 104. Kg7 Qc3 105. Kg8 Rc6 106. Qd5 Qh3 107. Qd4+ Kb7 108. Kg7 Rc7 109. Kf8 Qh8+ 110. Ke7 Bf5+ 0-1